 Dungeon Crawl Stone Soup version 0.30-a0-782-ge64f9170bb (webtiles) character file.

Game seed: 11724000901149512427

848 epen the Grasshopper (level 8, 0/63 HPs)
             Began as a Gnoll Warper on Mar 9, 2023.
             Slain by an ogre
             ... wielding a +0 giant club
              (31 damage)
             ... on level 5 of the Dungeon.
             The game lasted 00:05:55 (4408 turns).

epen the Grasshopper (Gnoll Warper)                 Turns: 4408, Time: 00:05:55

Health: 0/63       AC:  7    Str: 11    XL:     8   Next: 1%
Magic:  16/16      EV: 12    Int: 12    God:
Gold:   221        SH:  0    Dex: 14    Spells: 18/18 levels left

rFire   . . .      SeeInvis +    w - +1 spear (venom)
rCold   . . .      Faith    .    (no shield)
rNeg    + . .      Spirit   .    t - +0 ring mail
rPois   .          Reflect  .    (no helmet)
rElec   .          Harm     .    l - +0 cloak
rCorr   .          Rampage  .    (no gloves)
Will    .....                    (no boots)
Stlth   ++                       v - amulet of regeneration
HPRegen 1.10/turn                q - ring of positive energy
MPRegen 0.15/turn                x - ring of see invisible

@: no status effects
A: fangs 1, strong nose, distributed training
a: no special abilities


You were on level 5 of the Dungeon.
You visited 1 branch of the dungeon, and saw 5 of its levels.

You collected 221 gold pieces.

Inventory:

Hand Weapons
 a - a +0 falchion
 e - the +2 rapier of Ipryoc {flame, *Slow Fly rPois Dex-2}
   (You found it on level 4 of the Dungeon)

   Dex:       It affects your dexterity (-2).
   rPois:     It protects you from poison.
   Fly:       It grants you flight.
   *Slow:     It may slow you when you take damage.
 w - a +1 spear of venom (weapon)
Missiles
 d - 7 boomerangs of dispersal (quivered)
 y - a throwing net
Armour
 b - a +0 leather armour
 j - a +2 kite shield
 l - a +0 cloak (worn)
 t - a +0 ring mail (worn)
Jewellery
 k - a ring of flight
 q - a ring of positive energy (left hand)
 v - an amulet of regeneration (around neck)
 x - a ring of see invisible (right hand)
Wands
 h - a wand of mindburst (6)
Scrolls
 c - a scroll of blinking
 g - 2 scrolls of teleportation
Potions
 f - 2 potions of cancellation
 i - 2 potions of heal wounds
 m - a potion of might {unknown}
 n - a potion of degeneration {unknown}
 o - 2 potions of curing
 u - a potion of flight {unknown}


   Skills:
 + Level 5.5 Fighting
 + Level 3.0 Short Blades
 + Level 5.5 Long Blades
 + Level 3.0 Axes
 + Level 3.0 Maces & Flails
 + Level 3.0 Polearms
 + Level 3.0 Staves
 + Level 3.0 Ranged Weapons
 + Level 4.0 Throwing
 + Level 4.0 Armour
 + Level 5.5 Dodging
 + Level 3.0 Stealth
 + Level 3.0 Shields
 + Level 3.0 Unarmed Combat
 + Level 5.8 Spellcasting
 + Level 2.4 Conjurations
 + Level 2.4 Hexes
 + Level 2.4 Summonings
 + Level 2.4 Necromancy
 + Level 6.0 Translocations
 + Level 2.4 Transmutations
 + Level 2.4 Fire Magic
 + Level 2.4 Ice Magic
 + Level 2.4 Air Magic
 + Level 2.4 Earth Magic
 + Level 2.4 Poison Magic
 + Level 3.2 Invocations
 + Level 3.0 Evocations


You had 18 spell levels left.
You didn't know any spells.
Your spell library contained the following spells:

 Spells                   Type           Power      Damage    Failure   Level
 Blink                    Tloc           36%        N/A       5%          2
 Lesser Beckoning         Tloc           36%        N/A       5%          2
 Teleport Other           Tloc           18%        N/A       11%         3
 Sting                    Tmut/Pois      36%        1d4       16%         1
 Vhi's Electric Charge    Tloc/Air       26%        N/A       22%         3
 Poisonous Vapours        Pois/Air       18%        N/A       24%         2
 Manifold Assault         Tloc           18%        N/A       34%         4
 Olgreb's Toxic Radiance  Pois           9%         N/A       83%         4


Dungeon Overview and Level Annotations

Branches:
Dungeon (5/15)
 Temple: D:4-7

Altars:
Gozag
Vehumet

Shops:
D:2 ?

Annotations:
D:5 3 runed translucent doors, Rueben's ghost, novice GnCK


Innate Abilities, Weirdness & Mutations

You have very sharp teeth.
Your uncanny sense of smell can sniff out nearby items.
Your experience applies equally to all skills.


Message History

You closely miss the scorpion.
You bite the scorpion, but do no damage.
The scorpion misses you. The scorpion barely misses you.
You hit the scorpion.
The scorpion is poisoned.
The scorpion is lightly wounded.
The scorpion stings you.
You barely miss the scorpion.
The scorpion is lightly wounded.
The scorpion stings you.
You hit the scorpion but do no damage.
The scorpion looks as sick as possible!
The scorpion is moderately wounded.
The scorpion barely misses you.
You hit the scorpion but do no damage.
The scorpion looks as sick as possible!
The scorpion is heavily wounded.
The scorpion stings you.
You hit the scorpion but do no damage.
The scorpion is severely wounded.
You kill the scorpion!
An ogre comes into view. It is wielding a +0 giant spiked club.
Your Short Blades skill increases to level 3!
Your Axes skill increases to level 3!
Your Maces & Flails skill increases to level 3!
Your Polearms skill increases to level 3!
Your Staves skill increases to level 3!
Your Ranged Weapons skill increases to level 3!
Your Throwing skill increases to level 4!
Your Armour skill increases to level 4!
Your Stealth skill increases to level 3!
Your Shields skill increases to level 3!
Your Unarmed Combat skill increases to level 3!
Your Evocations skill increases to level 3!
You have reached level 8!
You feel stronger. The ogre attacks as you move away!
The ogre hits you with a +0 giant club!!
You are too injured to fight recklessly!
You hit the ogre.
The ogre is poisoned.
The ogre is lightly wounded.
The ogre hits you with a +0 giant club!!
You die...

....# #...# #.#
∆..#KW+ #####
#.###/...KK+ #
#.#####...#!..#.K+
#.........##.#.#.#
....###.####.##.⌠.##
. ##.## .######.
####.#.## # ##
#...###.# #@##.#.##
#O###.## #..†..###
#.$...# #.....#
#.....# #O....# ∆
.###### ..


You could see 2 ogres.

Vanquished Creatures
  A black bear (D:4)
  An ogre (D:5)
  A phantom (D:4)
  Blork the orc (D:5)
  A necrophage (D:5)
  2 scorpions
  A hound (D:5)
  3 iguanas (D:5)
  An orc priest (D:4)
  An orc wizard (D:5)
  7 gnolls
  4 adders
  A white imp (D:5)
  6 worms
  3 dart slugs
  3 orcs
  7 ball pythons
  6 bats
  7 endoplasms
  4 giant cockroaches
  9 goblins
  7 hobgoblins
  2 quokkas
  2 frilled lizards
  7 kobolds
  3 rats (D:1)
91 creatures vanquished.

Vanquished Creatures (others)
  3 plants (D:4)
3 creatures vanquished.

Grand Total: 94 creatures vanquished

Notes
Turn   | Place    | Note
-------+----------+-------------------------------------------
     0 | D:1      | epen the Gnoll Warper began the quest for the Orb.
     0 | D:1      | Reached XP level 1. HP: 20/20 MP: 6/6
   188 | D:1      | Reached XP level 2. HP: 20/26 MP: 7/7
   515 | D:1      | Reached skill level 5 in Spellcasting
   515 | D:1      | Reached XP level 3. HP: 31/31 MP: 7/9
   943 | D:2      | Reached skill level 1 in Invocations
  1039 | D:2      | Reached skill level 1 in Short Blades
  1039 | D:2      | Reached skill level 1 in Axes
  1039 | D:2      | Reached skill level 1 in Maces & Flails
  1039 | D:2      | Reached skill level 1 in Polearms
  1039 | D:2      | Reached skill level 1 in Staves
  1039 | D:2      | Reached skill level 1 in Ranged Weapons
  1039 | D:2      | Reached skill level 1 in Stealth
  1039 | D:2      | Reached skill level 1 in Shields
  1039 | D:2      | Reached skill level 1 in Unarmed Combat
  1039 | D:2      | Reached skill level 1 in Evocations
  1213 | D:2      | Found Peibbel's Magic Scroll Shop.
  1534 | D:2      | Reached XP level 4. HP: 30/38 MP: 11/11
  2182 | D:3      | Found a faded altar of an unknown god.
  2255 | D:3      | Reached skill level 1 in Conjurations
  2255 | D:3      | Reached skill level 1 in Hexes
  2255 | D:3      | Reached skill level 1 in Summonings
  2255 | D:3      | Reached skill level 1 in Necromancy
  2255 | D:3      | Reached skill level 1 in Transmutations
  2255 | D:3      | Reached skill level 1 in Fire Magic
  2255 | D:3      | Reached skill level 1 in Ice Magic
  2255 | D:3      | Reached skill level 1 in Air Magic
  2255 | D:3      | Reached skill level 1 in Earth Magic
  2255 | D:3      | Reached skill level 1 in Poison Magic
  2429 | D:3      | Found a radiant altar of Vehumet.
  2536 | D:4      | Noticed a black bear
  2547 | D:4      | Killed a black bear
  2548 | D:4      | Reached XP level 5. HP: 34/43 MP: 12/12
  2678 | D:4      | Noticed a phantom
  2691 | D:4      | Killed a phantom
  2692 | D:4      | Reached XP level 6. HP: 44/50 MP: 14/14
  2768 | D:4      | Reached skill level 5 in Fighting
  2768 | D:4      | Reached skill level 5 in Long Blades
  2768 | D:4      | Reached skill level 5 in Dodging
  2845 | D:4      | Identified the +2 rapier of Ipryoc {flame, *Slow Fly rPois
                  | Dex-2}
  3746 | D:5      | Entered Level 5 of the Dungeon
  3762 | D:5      | Reached XP level 7. HP: 41/56 MP: 15/15
  3795 | D:5      | Found an opulent altar of Gozag.
  4160 | D:5      | Noticed Blork the orc
  4183 | D:5      | HP: 2/56 [Blork the orc/+1 scimitar of protection (12)]
  4184 | D:5      | Killed Blork the orc
  4266 | D:5      | Reached skill level 6 in Translocations
  4270 | D:5      | Found a runed translucent gate.
  4270 | D:5      | Found a runed translucent gate.
  4270 | D:5      | Found a runed translucent gate.
  4271 | D:5      | Noticed Rueben's ghost (novice GnCK)
  4407 | D:5      | Reached XP level 8. HP: 53/63 MP: 16/16
  4408 | D:5      | Slain by an ogre

Illustrated notes

Levels and vault maps discovered:
D:1:      nzn_arrival_water_spiral, layout_basic, nicolae_wormholes
D:2:      layout_basic, serial_forest, infiniplex_forest_lined_2,
          infiniplex_forest_clump_small, infiniplex_forest_lined_3_way,
          infiniplex_forest_lined_corner, infiniplex_forest_clump_medium,
          infiniplex_forest_clump_small, infiniplex_forest_straight_4,
          infiniplex_forest_corner_2, serial_shops, nicolae_shop_hallway_plus
D:3:      layout_basic, lemuel_round_altar, shapermc_ecumenical_altar_venn,
          hangedman_abyss_or_decor_stabs, nrook_mini_vaults
D:4:      layout_basic, serial_bayou, serial_bayou_shore_a,
          serial_bayou_lagoon_a, serial_bayou_pond_b, serial_bayou_shore_b,
          serial_bayou_pond_a, hangedman_decor_growths, kennysheep_nub
D:5:      layout_loops_cross, grunt_gozag_breadcrumbs,
          gammafunk_ghost_nasty_kobolds, grunt_ministairs_13, st_stairs_11,
          uniq_blork_the_orc

Skill      XL: |  1  2  3  4  5  6  7 |
---------------+----------------------+-----
Spellcasting   | 5 |  5.8
Invocations    | 1 2 3 |  3.2
Short Blades   | 1 2 3 |  3.0
Axes           | 1 2 3 |  3.0
Maces & Flails | 1 2 3 |  3.0
Polearms       | 1 2 3 |  3.0
Staves         | 1 2 3 |  3.0
Ranged Weapons | 1 2 3 |  3.0
Stealth        | 1 2 3 |  3.0
Shields        | 1 2 3 |  3.0
Unarmed Combat | 1 2 3 |  3.0
Evocations     | 1 2 3 |  3.0
Conjurations   | 1 2 |  2.4
Hexes          | 1 2 |  2.4
Summonings     | 1 2 |  2.4
Necromancy     | 1 2 |  2.4
Transmutations | 1 2 |  2.4
Fire Magic     | 1 2 |  2.4
Ice Magic      | 1 2 |  2.4
Air Magic      | 1 2 |  2.4
Earth Magic    | 1 2 |  2.4
Poison Magic   | 1 2 |  2.4
Throwing       | 3 4 |  4.0
Armour         | 3 4 |  4.0
Fighting       | 5 |  5.5
Long Blades    | 5 |  5.5
Dodging        | 5 |  5.5
Translocations | 6 |  6.0

Action                     |  1- 3 |  4- 6 |  7- 9 || total
---------------------------+-------+-------+-------++-------
  Melee: Falchion          |   121 |    40 |       ||   161
         Bite              |    10 |    16 |    12 ||    38
         Punch             |     2 |     3 |     1 ||     6
         Spear             |       |   126 |    92 ||   218
    Use: Scroll            |       |     9 |       ||     9
         Potion            |       |       |     1 ||     1
   Stab: Sleeping          |     2 |     5 |     1 ||     8
 Armour: Leather armour    |    25 |     3 |       ||    28
         Ring mail         |       |    35 |    32 ||    67
  Dodge: Dodged            |    56 |    76 |    84 ||   216

Table legend: (Time is in decaauts)
 A = Elapsed time spent in this place.
 B = Non-inter-level travel time spent in this place.
 C = Inter-level travel time spent in this place.
 D = Time resting spent in this place.
 E = Time spent auto-exploring this place.
 F = Levels seen in this place.
 G = Mean time per level.
                   A        B        C        D        E       F      G
               +--------+--------+--------+--------+--------+-----+--------+
         Total |   4447 |   4278 |    169 |    133 |   3341 |   5 |  889.4 |
       Dungeon |   4447 |   4278 |    169 |    133 |   3341 |   5 |  889.4 |
               +--------+--------+--------+--------+--------+-----+--------+

Top non-repeatable levels by time:
     D:4: 1286 daAuts
     D:2: 1085 daAuts
     D:1: 872 daAuts
     D:5: 615 daAuts
     D:3: 587 daAuts
